Map: Bel'Shir Vestige LE (Void)

Players

MygraiN - Winner!

  • Race: Protoss Protoss
  • League: Grandmaster
  • Spawn Location: 5:00

Railgan

  • Race: Zerg Zerg
  • League: Grandmaster
  • Spawn Location: 11:00

VOD

Have the link to the VOD?

Description

Time

  • Played on: Feb. 22, 2017, 4:56 p.m.
  • Length: 9:08
Show
View Real Time Build Order
Export as new Build Order

MygraiN Protoss - Winner!

Build Orders: 1 Gate Expand 

Get SALT Encoding   

  12  0:00  Probe (Chrono Boost)  
  13  0:11  Probe (Chrono Boost)  
  14  0:18  Pylon  
  14  0:23  Probe (Chrono Boost)  
  15  0:37  Probe (Chrono Boost)  
  15  0:40  Gateway  
  16  0:47  Probe (Chrono Boost)  
  16  0:49  Assimilator  
  17  0:58  Pylon  
  17  1:01  Probe (Chrono Boost)  
  18  1:12  Probe (Chrono Boost)  
  19  1:27  Cybernetics Core  
  19  1:29  Probe (Chrono Boost)  
  20  1:42  Nexus  
  20  1:45  Probe (Chrono Boost)  
  21  1:49  Assimilator  
  21  1:55  Probe (Chrono Boost)  
  22  2:02  Stalker  
  22  2:08  Warp Gate  
  24  2:13  Probe (Chrono Boost)  
  24  2:14  Pylon  
  25  2:25  Probe (Chrono Boost)  
  26  2:30  Adept  
  29  2:37  Probe (Chrono Boost)  
  29  2:46  Gateway  
  29  2:48  Gateway  
  30  2:53  Probe (Chrono Boost)  
  30  2:58  Mothership Core (Chrono Boost)  
  32  2:59  Adept  
  35  3:07  Probe (Chrono Boost)  
  35  3:17  Probe (Chrono Boost)  
  35  3:19  Twilight Council, Probe (Chrono Boost)  
  37  3:24  Adept  
  37  3:29  Probe (Chrono Boost)  
  37  3:31  Probe (Chrono Boost)  
  41  3:41  Probe (Chrono Boost)  
  42  3:42  Robotics Facility  
  42  3:43  Resonating Glaives  
  42  3:45  Probe (Chrono Boost)  
  43  3:51  Pylon  
  44  3:57  Probe (Chrono Boost)  
  44  3:58  Probe (Chrono Boost)  
  45  4:06  Pylon  
  45  4:08  Probe (Chrono Boost)  
  47  4:11  Probe (Chrono Boost)  
  47  4:12  Adept x2  
  47  4:16  Adept  
  53  4:18  Probe (Chrono Boost)  
  54  4:26  Probe (Chrono Boost)  
  54  4:27  Pylon  
  54  4:29  Warp Prism  
  56  4:38  Probe (Chrono Boost)  
  58  4:52  Nexus  
  60  4:53  Pylon  
  60  4:58  Stalker  
  60  5:00  Stalker  
  60  5:01  Stalker  
  62  5:10  Probe (Chrono Boost)  
  53  5:31  Probe (Chrono Boost)  
  53  5:34  Adept x3  
  61  5:37  Probe (Chrono Boost)  
  61  5:48  Probe (Chrono Boost)  
  62  5:50  Pylon, Probe (Chrono Boost)  
  62  5:51  Pylon  
  62  5:54  Blink  
  62  6:01  Pylon  
  62  6:03  Pylon x2  
  62  6:08  Pylon  
  62  6:10  Probe x2 (Chrono Boost)  
  62  6:18  Observer  
  58  6:19  Gateway  
  58  6:20  Gateway  
  58  6:21  Gateway  
  58  6:24  Gateway x2  
  59  6:26  Assimilator  
  59  6:28  Assimilator  
  59  6:31  Sentry  
  59  6:32  Sentry  
  63  6:48  Pylon  
  63  6:50  Pylon  
  63  6:51  Zealot  
  65  7:00  Stalker x2  
  65  7:13  Zealot  
  57  7:20  Stalker x4  
  59  7:27  Pylon  
  59  7:28  Pylon, Adept x2  
  63  7:30  Pylon  
  64  7:38  Probe (Chrono Boost)  
  64  7:39  Probe (Chrono Boost)  
  65  7:45  Stalker x4  
  71  7:52  Adept x2  
  75  8:06  Cybernetics Core  
  75  8:09  Zealot x3  
  81  8:23  Zealot x2  
  81  8:24  Zealot x3  
  91  8:52  Sentry  
  91  8:53  Zealot x3, Adept x3  
  105  9:03  Adept  
Show
View Real Time Build Order
Export as new Build Order

Railgan Zerg 

Build Orders: Pool First, Zergling Baneling 

Get SALT Encoding   

  12  0:01  Drone  
  13  0:12  Overlord  
  13  0:17  Drone  
  14  0:30  Drone x2  
  14  0:35  Drone  
  17  0:45  Drone  
  18  0:53  Spawning Pool  
  18  0:56  Drone  
  18  1:09  Drone  
  18  1:10  Extractor  
  18  1:28  Drone  
  18  1:29  Drone  
  20  1:40  Hatchery  
  20  1:42  Zergling x2, Queen  
  22  1:49  Overlord  
  22  2:09  Drone  
  22  2:11  Zergling x2  
  24  2:20  Queen  
  26  2:23  Zergling x2  
  26  2:24  Metabolic Boost  
  27  2:34  Zergling x2  
  28  2:46  Overlord  
  28  3:03  Hatchery, Queen  
  28  3:05  Drone x3  
  32  3:07  Pneumatized Carapace  
  32  3:11  Drone  
  33  3:15  Drone x3  
  36  3:22  Overlord  
  35  3:27  Overlord  
  35  3:45  Drone x2  
  35  3:48  Drone x2  
  39  3:49  Evolution Chamber  
  39  3:50  Baneling Nest  
  37  3:57  Zergling x6  
  37  3:58  Zergling x2  
  41  4:04  Zergling x2  
  41  4:05  Zergling x2  
  41  4:07  Zergling x2  
  41  4:08  Zergling x2  
  45  4:14  Zergling x4  
  47  4:27  Zergling x12  
  52  4:38  Baneling x4  
  52  4:40  Zergling x8  
  56  4:46  Zergling x4  
  56  4:49  Baneling x4  
  56  4:51  Zergling x2  
  57  4:54  Zergling x2  
  57  4:56  Zergling x2  
  58  5:02  Queen  
  53  5:10  Zergling x2  
  48  5:20  Drone  
  49  5:23  Overlord  
  49  5:26  Queen  
  46  5:47  Zergling x2  
  46  5:48  Zergling x12  
  46  5:49  Zergling x4  
  45  6:01  Zergling x10  
  45  6:03  Zergling x2  
  48  6:17  Drone x4  
  50  6:27  Overlord x2  
  50  6:46  Zergling x12  
  56  6:50  Zergling x10  
  56  6:51  Drone  
  62  6:58  Zergling x4  
  62  7:00  Zergling x4  
  54  7:24  Zergling x2  
  54  7:25  Zergling x16  
  55  7:38  Drone x5  
  55  7:42  Drone x2  
  60  7:47  Drone  
  57  7:54  Zergling x2  
  57  7:55  Zergling x2  
  57  7:56  Zergling x2  
  56  8:05  Zergling x6  
  58  8:06  Queen  
  60  8:15  Zergling x6  
  60  8:16  Zergling x6  
  60  8:19  Hatchery  
  64  8:26  Baneling  
  64  8:27  Zergling x6  
  62  8:32  Overlord  
  62  8:34  Overlord, Zergling x2  
  65  8:44  Baneling  
Tags
 
Add a new tag
Caveats
  • Supply blocks, unpowered buildings, or Contaminate may cause inaccurate times.
  • Supply counts are checked every 10 seconds.